 Dungeon Crawl Stone Soup version 0.19-a0-503-g45a6586 (webtiles) character file.

63 Geppetto the Ducker (level 3, 17/17 HPs)
             Began as a Felid Monk on June 5, 2016.
             Quit the game on level 4 of the Dungeon.
             The game lasted 00:06:02 (3110 turns).

Geppetto the Ducker (Felid Monk)                    Turns: 3110, Time: 00:06:02

Health: 17/17      AC:  1    Str:  7    XL:     3   Next: 89%
Magic:  4/4        EV: 21    Int: 11    God:
Gold:   117        SH:  0    Dex: 19    Spells: 0 memorised, 2 levels left
                                        Lives:  0   Deaths: 1

rFire  . . .     SeeInvis +       - Unarmed
rCold  . . .     Gourm    .     (armour unavailable)
rNeg   . . .     Faith    .     (shield unavailable)
rPois  .         Spirit   .     (helmet unavailable)
rElec  .         Dismiss  .     (cloak unavailable)
rCorr  .         Reflect  .     (gloves unavailable)
SustAt .         Harm     .     (boots unavailable)
MR     .....                    (no amulet)
Stlth  ++++......               (no ring)
                                (no ring)

@: quick, not resistant to hostile enchantments, stealthy
A: no armour, no weapons or thrown items, claws 1, fangs 3, see invisible,
carnivore 3, speed 1, shaggy fur 1, slow metabolism 1, sharp paws
a: no special abilities


You were on level 4 of the Dungeon.
You were not hungry.

You visited 1 branch of the dungeon, and saw 4 of its levels.

You collected 117 gold pieces.

Inventory:

Scrolls
 b - a scroll of amnesia
 c - 2 scrolls of identify
 e - a scroll of fog {unknown}
 f - a scroll of random uselessness {unknown}
 g - a scroll of noise {unknown}
 i - a scroll of teleportation {unknown}
Potions
 d - a potion of cancellation
Comestibles
 a - a meat ration


   Skills:
 - Level 3.0 Fighting
 + Level 5.4 Dodging
 + Level 4.2 Stealth
 * Level 5.0 Unarmed Combat


You had 2 spell levels left.
You didn't know any spells.

Dungeon Overview and Level Annotations

Branches:
Dungeon (4/15)
 Temple: D:4-7

Altars:
Uskayaw

Shops:
D:4 }

Annotations:
D:3 1 exclusion, Crazy Yiuf


Innate Abilities, Weirdness & Mutations

You cannot wear armour.
You are incapable of wielding weapons or throwing items.
You have sharp claws.
You have razor-sharp teeth.
You have supernaturally acute eyesight. (SInv)
You are carnivorous and can eat meat at any time.
You cover ground quickly.
You are covered in fur. (AC +1)
You have a slow metabolism.
Your sharp claws are effective at attacking unaware monsters.


Message History

You climb downwards.
You hear the hiss of flowing sand.
There is an entrance to an ossuary on this level.
Hurry and find it before the portal is buried! 2 orcs and 3 orc priests come into view.
Found a rapier.
There is a stone staircase leading up here.
You pounce on the unaware helpless orc priest!
You mangle the orc priest!!
You kill the orc priest!
Your Stealth skill increases to level 4!
Your Unarmed Combat skill increases to level 5!
The orc priest completely misses you. The orc hits you with a dagger.
You die...
The orc priest shouts!
You are now level 3!
You rejoin the land of the living...
Found a fizzy emerald potion, a bread ration and 3 gold pieces.
Found Baor's Gadget Emporium.
You can't grasp things well enough to throw them.
Are you sure you want to abandon this character and quit the game? (Confirm with "yes".)

..... .$.. #
.... .. # #..#
...
#.####..###...#
#...⌠.⌠......%.
#....∩........#
#...⌠.⌠@......!
#...#....##....
# ###### #


There were no monsters in sight!

Vanquished Creatures
  An orc priest (D:4)
  3 adders
  An ooze (D:2)
  2 worms (D:2)
  4 dart slugs
  A giant gecko (D:1)
  A ball python (D:1)
  4 giant cockroaches
  6 goblins
  7 hobgoblins
  3 jackals (D:2)
  4 kobolds (D:2)
  A quokka (D:2)
  7 bats
  A giant newt (D:1)
  8 rats
54 creatures vanquished.

Notes
Turn   | Place    | Note
--------------------------------------------------------------
     0 | D:1      | Geppetto the Felid Monk began the quest for the Orb.
     0 | D:1      | Reached XP level 1. HP: 10/10 MP: 2/2
   222 | D:1      | Reached XP level 2. HP: 14/14 MP: 3/3
   778 | D:2      | Reached XP level 3. HP: 3/17 MP: 4/4
  1107 | D:2      | Found a hide-covered altar of Uskayaw.
  1545 | D:2      | Reached skill level 5 in Dodging
  2216 | D:2      | Reached XP level 4. HP: 21/21 MP: 5/5
  2605 | D:3      | Noticed an ogre
  3053 | D:3      | Noticed Crazy Yiuf
  3108 | D:4      | Reached skill level 5 in Unarmed Combat
  3109 | D:4      | Slain by an orc
  3110 | D:4      | Reached XP level 3. HP: 0/17 MP: 4/4
  3110 | D:4      | Found Baor's Gadget Emporium.
  3110 | D:4      | Quit the game

Vault maps used:
D:1:      dpeg_arrival_boxes_within_box, serial_park_tiny_pond,
          minmay_stone_trees_small
D:2:      lemuel_crystal_altar, minmay_box_of_dots
D:3:      first_bread, kennysheep_generic_room_6, uniq_crazy_yiuf_cottage
D:4:      grunt_dithmenos_smoke, enter_ossuary_4, serial_shops, shop_fountains,
          nicolae_gozag_seed_capital

Skill      XL: |  1  2  3  4 |
---------------+-------------+-----
Stealth        | 3 4 |  4.2
Dodging        | 5 |  5.4
Unarmed Combat | 5 |  5.0
Fighting       | |  3.0

Action                   |  1- 3 |  4- 6 || total
-------------------------+-------+-------++-------
Melee: Unarmed           |   102 |    32 ||   134
       Bite              |     6 |     4 ||    10
       Punch             |     3 |     1 ||     4
  Use: Scroll            |     3 |       ||     3
 Stab: Sleeping          |     8 |     7 ||    15
  Eat: Chunk             |     9 |     2 ||    11
Armor: Skin              |     4 |     2 ||     6
Dodge: Dodged            |    69 |    17 ||    86
